 Dungeon Crawl Stone Soup version 0.22-a0-348-gd16d139 (webtiles) character file.

1157 b5mith the Sneak (level 8, -3/60 HPs)
             Began as a Vampire Gladiator on Apr 7, 2018.
             Was a Believer of Yredelemnul.
             Slain by an orc warrior
             ... wielding a +0 long sword
              (18 damage)
             ... on level 6 of the Dungeon.
             The game lasted 00:18:52 (5941 turns).

b5mith the Sneak (Vampire Gladiator)                Turns: 5941, Time: 00:18:52

Health: -3/60      AC:  9    Str: 14    XL:     8   Next: 16%
Magic:  22/22      EV: 15    Int: 12    God:    Yredelemnul [**....]
Gold:   412        SH:  2    Dex: 15    Spells: 14/14 levels left

rFire    . . .     SeeInvis +   a - +0 rapier
rCold    + . .     Gourm    .   (no shield)
rNeg     + + .     Faith    .   n - +3 leather armour
rPois    +         Spirit   .   c - +1 helmet
rElec    .         Reflect  +   (no cloak)
rCorr    .         Harm     .   (no gloves)
MR       .....                  l - +0 pair of boots
Stlth    ++++......             x - +2 amulet of reflection
HPRegen  0.10/turn              m - ring of magical power
MPRegen  0.18/turn              (no ring)

@: regenerating slowly
A: fangs 3, see invisible, unbreathing
a: Bat Form, Animate Remains, Recall Undead Slaves, Injury Mirror, Renounce
Religion


You were on level 6 of the Dungeon.
You worshipped Yredelemnul.
Yredelemnul was pleased with you.
You were thirsty.

You visited 1 branch of the dungeon, and saw 6 of its levels.

You collected 412 gold pieces.

Inventory:

Hand Weapons
 a - a +0 rapier (weapon)
Missiles
 d - a throwing net (quivered)
Armour
 b - a +0 leather armour
 c - a +1 helmet (worn)
 l - a +0 pair of boots (worn)
   (You found it on level 1 of the Dungeon)
 n - a +3 leather armour (worn)
   (You found it on level 2 of the Dungeon)
 s - a +1 chain mail of fire resistance
   (You found it on level 2 of the Dungeon)
Jewellery
 m - a ring of magical power (left hand)
   (You found it on level 1 of the Dungeon)
 x - a +2 amulet of reflection (around neck)
   (You found it on level 3 of the Dungeon)
Wands
 r - a wand of disintegration (9)
   (You took it off Ijyb on level 4 of the Dungeon)
 y - a wand of flame (36)
   (You took it off an orc on level 5 of the Dungeon)
Scrolls
 f - 2 scrolls of magic mapping {unknown}
 g - a scroll of immolation {unknown}
 h - 2 scrolls of random uselessness {unknown}
 i - 3 scrolls of identify {@r1}
 o - a scroll of blinking
 q - a scroll of remove curse {unknown}
Potions
 e - 8 potions of blood
 j - a potion of might {unknown}
 k - a potion of mutation {unknown}
 p - 2 potions of resistance {unknown}
 t - a potion of flight {unknown}
 u - a potion of brilliance {unknown}
 v - a potion of degeneration {unknown}
 w - a potion of agility {unknown}
 z - 2 potions of haste {unknown}
 A - a potion of curing {unknown}


   Skills:
 + Level 4.2 Fighting
 + Level 5.7 Short Blades
 - Level 1.5 Throwing
 + Level 5.7 Dodging
 + Level 6.4 Stealth
 + Level 3.8 Spellcasting


You had 14 spell levels left.
You didn't know any spells.

Dungeon Overview and Level Annotations

Branches:
Dungeon (6/15)
 Temple: D:4-7

Altars:
Ashenzari
Elyvilon
Qazlal
Sif Muna
Yredelemnul
Zin
The Shining One

Annotations:
D:6 edsrzf's ghost, novice DDBe


Innate Abilities, Weirdness & Mutations

You heal slowly.
You have razor-sharp teeth.
You have supernaturally acute eyesight. (SInv)
You can survive without breathing.


Message History

You bottle the corpse's blood.
e - 9 potions of blood (gained 1) Yummy - fresh blood!
You are feeling thirsty.
You start resting.
The orc warrior shouts!
The orc warrior misses you.
You hear a shout! x3
You hit the orc warrior but do no damage.
You hit the orc warrior.
The orc warrior is lightly wounded.
The orc warrior hits you with a long sword!
* * * LOW HITPOINT WARNING * * *
You hit the orc warrior but do no damage.
The orc warrior is lightly wounded.
The orc warrior misses you.
You puncture the orc warrior!
The orc warrior is heavily wounded.
You barely miss the orc warrior.
The orc warrior is heavily wounded.
The orc warrior hits you with a long sword!
* * * LOW HITPOINT WARNING * * *
You hit the orc warrior but do no damage.
The orc warrior is heavily wounded.
You hit the orc warrior but do no damage.
The orc warrior is heavily wounded.
The orc warrior closely misses you.
You hit the orc warrior.
The orc warrior is heavily wounded.
You hit the orc warrior but do no damage.
The orc warrior is heavily wounded.
The orc warrior misses you.
You hit the orc warrior but do no damage.
The orc warrior is heavily wounded.
The orc warrior misses you.
You hit the orc warrior.
The orc warrior is heavily wounded.
The orc warrior closely misses you.
You hit the orc warrior but do no damage.
The orc warrior is heavily wounded.
The orc warrior misses you.
Evoke which item? (* to show all) (? for menu, Esc to quit)
Aiming: Throw Flame
Press: ? - help, Shift-Dir - straight line, f - orc warrior
Aim: an orc warrior, wielding a long sword and wearing a plate armour (heavily wounded)
The puff of flame hits the orc warrior.
The orc warrior is severely wounded.
The orc warrior hits you with a long sword!!
You die...
Yredelemnul claims you as an undead slave.

##.##.##.##########
##...#.##..........#
#...........<..#
##...#.##......#
##.##.##.....##
####.##.###....#
#.........o....#
#.##.##.##o##..+ #
#...#.##@##.##
.......##.##.#
#.......##.# .#
#..#......#.# .#
##.......##.# .. #
o.a>.###.# ##
.....## #.# #.#


You could see an orc warrior and an orc wizard.

Vanquished Creatures
  Menkaure (D:4)
  The ghost of edsrzf the Conjurer, an amateur OpFE (D:3)
  A sky beast (D:5)
  An ogre (D:4)
  A centaur (D:5)
  A water moccasin skeleton (D:6)
  2 crimson imps (D:5)
  A jelly (D:5)
  A bullfrog skeleton (D:5)
  A hound (D:5)
  2 orc priests (D:3)
  An orc wizard (D:4)
  Ijyb (D:4)
  Terence (D:2)
  2 iguanas (D:5)
  2 worker ants
  A hound zombie (D:2)
  10 adders
  2 worms
  5 dart slugs
  5 leopard geckos
  15 orcs
  4 giant cockroaches
  7 goblins
  8 hobgoblins
  6 jackals
  2 quokkas (D:3)
  7 bats
  4 frilled lizards
  2 gnoll zombies (D:2)
  6 kobolds
  2 quokka skeletons (D:5)
  A quokka zombie (D:5)
  7 rats
  A fungus (D:2)
115 creatures vanquished.

Notes
Turn   | Place    | Note
-------+----------+-------------------------------------------
     0 | D:1      | b5mith the Vampire Gladiator began the quest for the Orb.
     0 | D:1      | Reached XP level 1. HP: 16/16 MP: 1/1
   139 | D:1      | Reached skill level 1 in Stealth
   175 | D:1      | Reached XP level 2. HP: 20/22 MP: 2/2
   473 | D:1      | Reached XP level 3. HP: 27/27 MP: 4/4
   900 | D:2      | Reached skill level 2 in Stealth
   900 | D:2      | Reached skill level 1 in Spellcasting
  1186 | D:2      | Noticed Terence
  1201 | D:2      | Killed Terence
  1201 | D:2      | Reached XP level 4. HP: 23/34 MP: 5/5
  1625 | D:2      | Reached skill level 3 in Stealth
  1691 | D:2      | Reached XP level 5. HP: 39/39 MP: 7/7
  1895 | D:2      | Found a basalt altar of Yredelemnul.
  1903 | D:2      | Became a worshipper of Yredelemnul the Dark
  2041 | D:3      | Found a deep blue altar of Sif Muna.
  2196 | D:3      | Noticed edsrzf's ghost (amateur OpFE)
  2217 | D:3      | Killed edsrzf's ghost
  2425 | D:3      | Reached XP level 6. HP: 46/46 MP: 9/9
  2892 | D:3      | Found a stormy altar of Qazlal.
  2893 | D:3      | Found a white marble altar of Elyvilon.
  2910 | D:3      | Reached skill level 4 in Stealth
  3359 | D:3      | Reached * piety under Yredelemnul
  3744 | D:4      | Noticed Ijyb
  3781 | D:4      | Noticed Menkaure
  3791 | D:4      | Killed Ijyb
  4117 | D:4      | Found a glowing silver altar of Zin.
  4413 | D:4      | Found a glowing golden altar of the Shining One.
  4547 | D:4      | Killed Menkaure
  4547 | D:4      | Reached XP level 7. HP: 52/52 MP: 11/11
  4603 | D:4      | Reached skill level 5 in Short Blades
  4603 | D:4      | Reached skill level 5 in Dodging
  4603 | D:4      | Reached skill level 5 in Stealth
  4779 | D:5      | Entered Level 5 of the Dungeon
  5273 | D:5      | Found a shattered altar of Ashenzari.
  5373 | D:5      | Reached skill level 6 in Stealth
  5393 | D:5      | Reached ** piety under Yredelemnul
  5498 | D:5      | Reached XP level 8. HP: 60/60 MP: 13/13
  5570 | D:6      | Noticed edsrzf's ghost (novice DDBe)
  5941 | D:6      | Slain by an orc warrior

Vault maps used:
D:1:      minmay_arrival_jagged, minmay_misc_feat_secret_circle,
          minmay_statues_item
D:2:      lemuel_zombie_altar_yredelemnul, first_ration,
          minmay_gold_behind_fungi, uniq_terence
D:3:      nicolae_overflow_crystal_walls, grunt_temple_overflow_open
D:4:      old_standard_altar, zin_academy, grunt_decor_mini_mirrors,
          corexii_hall_statues_deadend, wad_floor_pattern_untrapped,
          st_stairs_1, uniq_ijyb, uniq_menkaure
D:5:      evilmike_ruin_ashenzari, nicolae_underground_beach
D:6:      kennysheep_little_box, kennysheep_mini_moat, serial_shops, shop

Skill      XL: |  1  2  3  4  5  6  7 |
---------------+----------------------+-----
Stealth        | 1 2 3 4 6 |  6.4
Fighting       | 2 3 4 |  4.2
Spellcasting   | 1 2 3 |  3.8
Short Blades   | 4 5 |  5.7
Dodging        | 4 5 |  5.7
Throwing       | |  1.5

Action                   |  1- 3 |  4- 6 |  7- 9 || total
-------------------------+-------+-------+-------++-------
Melee: Rapier            |   107 |   248 |   119 ||   474
       Bite              |    12 |    30 |    13 ||    55
Throw: Throwing net      |       |     1 |     1 ||     2
Invok: Injury Mirror     |       |       |     1 ||     1
Evoke: Wand              |       |       |     3 ||     3
  Use: Scroll            |       |     6 |       ||     6
       Potion            |       |     6 |     3 ||     9
 Stab: Sleeping          |     2 |    15 |     7 ||    24
       Distracted        |       |     1 |       ||     1
       Held in net/web   |       |     1 |       ||     1
Armor: Leather armour    |    23 |    81 |    24 ||   128
Dodge: Dodged            |    65 |   150 |    65 ||   280
Block: Other             |       |     4 |     5 ||     9

Table legend:
 A = Spawn XP
 B = Non-spawn XP
 C = Spawn XP percentage of total XP
 D = Spawn monster count
 E = Non-spawn monster count
 F = Spawn count percentage of total count
 G = Total turns spent on level
                    A         B        C        D         E        F      G
               +---------+---------+-------+---------+---------+-------+---------
         Total |       0 |    1653 |   0.0 |       0 |     114 |   0.0 |  5941
               +---------+---------+-------+---------+---------+-------+---------
           D:1 |       0 |      50 |   0.0 |       0 |      27 |   0.0 |   893
           D:2 |       0 |     150 |   0.0 |       0 |      22 |   0.0 |  1300
           D:3 |       0 |     315 |   0.0 |       0 |      28 |   0.0 |  1531
           D:4 |       0 |     449 |   0.0 |       0 |      15 |   0.0 |  1055
           D:5 |       0 |     618 |   0.0 |       0 |      20 |   0.0 |  1054
           D:6 |       0 |      71 |   0.0 |       0 |       2 |   0.0 |   108
               +---------+---------+-------+---------+---------+-------+---------
